 Dungeon Crawl Stone Soup version 0.23-a0-61-g4bf3f6c (console) character file.

131 nht the Bolt Thrower (level 4, 0/37 HPs)
             Began as a Minotaur Hunter on Aug 9, 2018.
             Slain by an orc wizard
             ... wielding a cursed -3 dagger
              (3 damage)
             ... on level 3 of the Dungeon.
             The game lasted 00:02:44 (2127 turns).

nht the Bolt Thrower (Minotaur Hunter)              Turns: 2127, Time: 00:02:45

Health: 0/37       AC:  4    Str: 17    XL:     4   Next: 91%
Magic:  3/3        EV: 12    Int:  8    God:
Gold:   89         SH:  0    Dex: 11    Spells: 3/3 levels left

rFire    . . .     SeeInvis .   l - -1 quarterstaff (curse)
rCold    . . .     Gourm    .   (shield currently unavailable)
rNeg     . . .     Faith    .   c - +1 leather armour
rPois    .         Spirit   .   (helmet restricted)
rElec    .         Reflect  .   (no cloak)
rCorr    .         Harm     .   (no gloves)
MR       .....                  (no boots)
Stlth    ..........             (no amulet)
HPRegen  0.12/turn              g - ring of attention
MPRegen  0.08/turn              (no ring)

@: no status effects
A: retaliatory headbutt, horns 2
a: no special abilities


You were on level 3 of the Dungeon.
You were not hungry.

You visited 1 branch of the dungeon, and saw 3 of its levels.

You collected 89 gold pieces.

Inventory:

Hand Weapons
 a - a +1 hand crossbow
 b - a +0 short sword
 l - a cursed -1 quarterstaff (weapon)
Missiles
 d - 6 bolts
Armour
 c - a +1 leather armour (worn)
Jewellery
 g - a ring of attention (left hand)
Scrolls
 h - 2 scrolls of identify
 j - a scroll of enchant armour
Potions
 e - 2 potions of resistance
 k - 3 potions of flight
Comestibles
 f - 2 rations
 i - 3 chunks of flesh


   Skills:
 - Level 2.4 Fighting
 + Level 6.9 Crossbows
 - Level 2.1 Dodging
 - Level 0.7 Stealth


You had 3 spell levels left.
You didn't know any spells.
Your spell library was empty.

Dungeon Overview and Level Annotations

Branches:
Dungeon (3/15)

Altars:

Annotations:
D:3 Natasha


Innate Abilities, Weirdness & Mutations

You reflexively headbutt those who attack you in melee.
You have a pair of horns on your head.


Message History

You closely miss something. Your headbutt misses something.
Something hits you but does no damage. The orc hits you with a club.
You hear some strange, mumbled words.
A puff of frost appears from out of thin air!
The puff of frost hits you!
* * * LOW HITPOINT WARNING * * *
You closely miss something. The orc hits you but does no damage.
Something hits you but does no damage. The orc hits you but does no damage.
You barely miss something. Something hits you but does no damage.
The orc closely misses you. You furiously retaliate!
You headbutt the orc. You barely miss something.
The crimson imp blinks!
You hear some strange, mumbled words.
A puff of frost appears from out of thin air!
The puff of frost hits you!
* * * LOW HITPOINT WARNING * * *
The orc hits you but does no damage.
The crimson imp blinks!
You barely miss something.
You hear some strange, mumbled words.
The orc misses you. Something hits you.
You die...

.... █..█ █..█ █..█
█.███ █§.████.█.. ..
█h....█.█.█ █. █
█b███.█.█.█ █.
████.██o█ █.█.█.█ █.
█.....@{███.█.█.██████.
█.██................█..
█.█████............. █.
█..███.███.█.. █ █..█
█.█ █.██. █..█ █.█
█.██. █..█ █.███.██.
█..█ █.██.█.█. █..█
█.█.███.(


You could see Natasha, an orc and a bat.

Vanquished Creatures
  4 adders
  4 worms (D:2)
  2 dart slugs
  3 leopard geckos
  4 orcs (D:3)
  6 giant cockroaches
  8 goblins
  12 hobgoblins
  4 jackals
  8 kobolds
  A quokka (D:3)
  2 ball pythons
  2 bats
  3 frilled lizards
  7 rats
70 creatures vanquished.

Notes
Turn   | Place    | Note
-------+----------+-------------------------------------------
     0 | D:1      | nht the Minotaur Hunter began the quest for the Orb.
     0 | D:1      | Reached XP level 1. HP: 18/18 MP: 0/0
   148 | D:1      | Reached XP level 2. HP: 25/25 MP: 1/1
   172 | D:1      | Reached skill level 5 in Crossbows
   589 | D:1      | Reached XP level 3. HP: 30/30 MP: 2/2
   852 | D:2      | Reached skill level 6 in Crossbows
   860 | D:2      | Reached XP level 4. HP: 37/37 MP: 3/3
  2109 | D:3      | Noticed Natasha
  2127 | D:3      | Slain by an orc wizard

Vault maps used:
D:1:      nagdon_arrival_double_spiral
D:3:      uniq_natasha

Skill      XL: |  1  2  3 |
---------------+----------+-----
Crossbows      | 5 6 |  6.9
Fighting       | |  2.4
Dodging        | |  2.1
Stealth        | |  0.7

Action                   |  1- 3 |  4- 6 || total
-------------------------+-------+-------++-------
Melee: Unarmed           |       |    73 ||    73
       Quarterstaff      |       |    22 ||    22
       Headbutt          |       |    13 ||    13
 Fire: Hand crossbow     |    75 |    13 ||    88
  Use: Scroll            |       |     4 ||     4
       Potion            |       |     1 ||     1
  Eat: Chunk             |       |     4 ||     4
Armor: Leather armour    |     1 |    22 ||    23
Dodge: Dodged            |    11 |    60 ||    71

Table legend:
 A = Non-vault XP
 B = Vault XP
 C = Vault XP percentage of total XP
 D = Non-vault monster count
 E = Vault monster count
 F = Vault count percentage of total count
 G = Total turns spent on level
                 A         B        C        D         E       F
            +---------+---------+-------+---------+---------+-------
      Total |     188 |       0 |   0.0 |      70 |       0 |   0.0
            +---------+---------+-------+---------+---------+-------
        D:1 |      47 |       0 |   0.0 |      25 |       0 |   0.0
        D:2 |      91 |       0 |   0.0 |      27 |       0 |   0.0
        D:3 |      50 |       0 |   0.0 |      18 |       0 |   0.0
            +---------+---------+-------+---------+---------+-------
